 Dungeon Crawl Stone Soup version 0.28.0-53-g5a82cb258f (webtiles) character file.

Game seed: 18135175690413999070

13 safid the Skirmisher (level 2, -2/27 HPs)
             Began as a Hill Orc Fighter on Aug 17, 2022.
             Slain by Jessica
             ... wielding a +2 vampiric dagger
              (5 damage)
             ... on level 2 of the Dungeon.
             The game lasted 00:00:25 (179 turns).

safid the Skirmisher (Hill Orc Fighter)              Turns: 179, Time: 00:00:25

Health: -2/27      AC:  6    Str: 18    XL:     2   Next: 37%
Magic:  2/2        EV:  9    Int:  8    God:
Gold:   0          SH:  4    Dex: 10    Spells: 1/1 levels left

rFire   . . .      SeeInvis .   a - +0 war axe
rCold   . . .      Faith    .   c - +0 buckler
rNeg    . . .      Spirit   .   b - +0 scale mail
rPois   .          Reflect  .   (no helmet)
rElec   .          Harm     .   (no cloak)
rCorr   .          Rampage  .   (no gloves)
Will    .....                   (no boots)
Stlth   ..........              (no amulet)
HPRegen 0.09/turn               (no ring)
MPRegen 0.08/turn               (no ring)

@: no status effects
A: no striking features
a: no special abilities


You were on level 2 of the Dungeon.
You visited 1 branch of the dungeon, and saw 2 of its levels.

Inventory:

Hand Weapons
 a - a +0 war axe (weapon)
Armour
 b - a +0 scale mail (worn)
 c - a +0 buckler (worn)
Potions
 d - a potion of might
 e - a potion of curing {unknown}
 f - a potion of brilliance {unknown}
 g - a potion of heal wounds {unknown}


   Skills:
 + Level 3.8 Fighting
 + Level 3.0 Axes
 + Level 3.5 Armour
 + Level 3.5 Shields


You had one spell level left.
You didn't know any spells.
Your spell library was empty.

Dungeon Overview and Level Annotations

Branches:
Dungeon (1/15)

Altars:

Annotations:
D:2 Jessica


Message History

Unknown command.
You closely miss the frilled lizard.
The frilled lizard is heavily wounded.
The frilled lizard bites you but does no damage.
You hit the frilled lizard.
You kill the frilled lizard!
Jessica hits you with a +2 vampiric dagger.
Unknown command.
You closely miss Jessica. Jessica casts a spell at you.
You resist with some effort.
Jessica looks very angry.
Jessica completely misses you.
Unknown command.
You hit Jessica.
Jessica is heavily wounded.
Jessica closely misses you. x2
Jessica hits you with a +2 vampiric dagger.
* * * LOW HITPOINT WARNING * * *
Jessica draws strength from your wounds!
You hit Jessica.
Jessica is heavily wounded.
Jessica hits you but does no damage.
You hit Jessica.
Jessica is almost dead.
Jessica closely misses you.
Jessica hits you with a +2 vampiric dagger.
* * * LOW HITPOINT WARNING * * *
Jessica draws strength from your wounds!
You barely miss Jessica.
Jessica is severely wounded.
Jessica closely misses you. Jessica gestures at you while chanting.
You barely resist. Jessica closely misses you.
Unknown command.
You barely miss Jessica.
Jessica is severely wounded.
Jessica barely misses you.
Jessica hits you with a +2 vampiric dagger.
You die...

......#######.#
#####. #.†.......#
# #..... #........#
# #..... #........#
#
#.....####.##.....#
# #.....###..#.###
############.#####
##...)..
.........#...#
####.##.
........w@@###
##.......
.........###
..#.###. .........#
##...# #.
...............
#...# #.
...(.....######
#...###. .........#
#...##.. .........#
#......# .........#
#...#### .........#
#...#


You could see a worm and Jessica (fast).

Vanquished Creatures
  An adder (D:2)
  An endoplasm (D:2)
  A kobold (D:2)
  A frilled lizard (D:2)
  A rat (D:2)
5 creatures vanquished.

Notes
Turn   | Place    | Note
-------+----------+-------------------------------------------
     0 | D:1      | safid the Hill Orc Fighter began the quest for the Orb.
     0 | D:1      | Reached XP level 1. HP: 19/19 MP: 1/1
    20 | D:1      | You fall into a shaft and drop 1 floor!
    66 | D:2      | Reached XP level 2. HP: 19/27 MP: 2/2
   162 | D:2      | Noticed Jessica
   179 | D:2      | Slain by Jessica

Illustrated notes

Levels and vault maps discovered:
D:1:      denvon_arrival_planthouse, layout_loops_ring,
          chequers_ecumenical_altar_simple_redux
D:2:      layout_rooms, uniq_natasha, uniq_jessica, uniq_sigmund

Skill      XL: |  1 |
---------------+----+-----
Axes           | 3 |  3.0
Fighting       | |  3.8
Armour         | |  3.5
Shields        | |  3.5

Action                   || total
-------------------------++-------
Melee: War axe           ||    24
Armor: Scale mail        ||     7
Dodge: Dodged            ||    17
Block: Buckler           ||     7
